[Event "*** Titled Tuesday Blitz"]
[Site "Chess.com"]
[Date "2020.04.28"]
[Round "5"]
[White "JakeCarlosBanawa"]
[Black "ZCorrales"]
[Result "1-0"]
[WhiteElo "2319"]
[BlackElo "2075"]
[TimeControl "180+1"]
[EndTime "10:55:40 PDT"]
[Termination "JakeCarlosBanawa won on time"]

1. d4 d5 2. c4 e6 3. Nc3 Nf6 4. cxd5 exd5 5. Bg5 Be7 6. e3 c6 7. Bd3 O-O 8. Qc2 h6 9. Bf4 Nbd7 10. h3 Re8 11. g4 Nf8 12. O-O-O N6h7 13. Nf3 b5 14.
Ne5 Qb6 15. Bxh7+ Nxh7 16. Nxf7 Kxf7 17. Qxh7 b4 18. Ne2 b3 19. axb3 Qxb3 20. Be5 Qc4+ 21. Qc2 Qxc2+ 22. Kxc2 Ba6 23. Nc3 Rac8 24. Ra1 Bc4 25.
Rxa7 c5 26. dxc5 Rxc5 27. Rd1 Kg8 28. Rxe7 Rxe7 29. Bd6 Bb3+ 30. Kxb3 Rb7+ 31. Kc2 Rc6 32. Be5 Rcb6 33. Nxd5 Rb5 34. Bc3 Kf7 35. e4 Ra7 36. f4 g5 37. f5 Ra4 38. e5 Re4 39. e6+ Kf8 40. e7+ Kf7 41. f6 Re2+ 42. Kb1 1-0

[Event "*** Titled Tuesday Blitz"]
[Site "Chess.com"]
[Date "2020.04.28"]
[Round "5"]
[White "GameOverBro"]
[Black "Chessterra87"]
[Result "1-0"]
[WhiteElo "2509"]
[BlackElo "2310"]
[TimeControl "180+1"]
[EndTime "10:55:41 PDT"]
[Termination "GameOverBro won on time"]

1. e4 c5 2. Ne2 e6 3. Nbc3 a6 4.
d4 cxd4 5. Nxd4 b5 6. g3 Bb7 7. a3 Nf6 8. Bg2 Qc7 9. O-O d6 10.
f4 Nbd7 11. f5 e5 12. Nb3 Be7 13. Be3 O-O 14. g4 Nc5 15. Nxc5 dxc5 16. g5 Rfd8 17. Qe2 Ne8 18. f6 Bf8 19. fxg7 Bxg7 20. Rf2 b4 21. axb4 cxb4 22. Nd5 Bxd5 23. exd5 a5 24. d6 Nxd6 25. Bxa8 Rxa8 26. Rd1 a4 27. Qd3 a3 28. Qd5 Ra7 29. Bxa7 Qxa7 30. Qxd6 a2 31. Qd8+ Bf8 32. Ra1 e4 33. Qd5 e3 34. Re2 Qa6 35. Kf1 b3 36. Qxb3 Qd6 37. Qxa2 1-0

[Event "*** Titled Tuesday Blitz"]
[Site "Chess.com"]
[Date "2020.04.28"]
[Round "5"]
[White "David_Paravyan"]
[Black "Keranke"]
[Result "1-0"]
[WhiteElo "2965"]
[BlackElo "2769"]
[TimeControl "180+1"]
[EndTime "10:55:42 PDT"]
[Termination "David_Paravyan won by resignation"]

1. e4 d5 2. exd5 Qxd5 3. Nc3 Qa5 4. d4 Nf6 5. Nf3 c6 6. h3 Bf5 7. Nh4 Bg6 8. Bc4 e6 9. Bd2 Qb6 10. Nxg6 hxg6 11. Qe2 Nbd7 12. O-O-O O-O-O 13. Be3 Qc7 14. Bb3 Bd6 15. g3 Nb6 16. Kb1 Nbd5 17. Nxd5 exd5 18. c4 Qe7 19. cxd5 Nxd5 20. Bxd5 cxd5 21. Qb5 Bxg3 22. fxg3 Qxe3 23. Rhe1 Qg5 24. Re5 Qf6 25. Rf1 Qb6 26. Qxb6 axb6 27. Rxf7 Rd7 28. Rxd7 Kxd7 29. Rxd5+ Ke6 30.
Re5+ Kf6 31. h4 Rd8 32. Rb5 Rxd4 33. Rxb6+ Kf5 34. Rxb7 Rd3 35. Rb3 Rd1+ 36. Kc2 Rg1 37. a4 Ke4 38. Ra3 Kd4 39. a5 Rg2+ 40. Kb1 1-0

[Event "*** Titled Tuesday Blitz"]
[Site "Chess.com"]
[Date "2020.04.28"]
[Round "5"]
[White "DryCounty"]
[Black "Yuri202062"]
[Result "1-0"]
[WhiteElo "2759"]
[BlackElo "2544"]
[TimeControl "180+1"]
[EndTime "10:55:42 PDT"]
[Termination "DryCounty won by resignation"]

1. e4 c5 2. Nf3 e6 3. d4 cxd4 4. Nxd4 a6 5. Nc3 d6 6. a4 Nf6 7. Be2 Be7 8. Be3 O-O 9. a5 Nbd7 10. O-O Qc7 11. f3 b5 12. axb6 Nxb6 13. Qd2 Nc4 14. Bxc4 Qxc4 15. Na4 Rb8 16. b3 Qc7 17. Kh1 Bd7 18.
Qc3 Rfc8 19. Qxc7 Rxc7 20. Rfc1 g6 21. Nb2 e5 22. Ne2 d5 23. exd5 Nxd5 24. Bd2 Bc8 25.
Nc4 f6 26. Nc3 Nb4 27. Ne4 Bf5 28. Bxb4 Rxb4 29. Rxa6 Kg7 30. Nc3 Rd7 31. g4 Bxc2 32. Rxc2 Rxb3 33. Rb6 Rxb6 34. Nxb6 Rd3 35. Kg2 f5 36.
gxf5 gxf5 37. Nbd5 Bg5 38. Kf2 e4 39. fxe4 fxe4 40. Nb4 Rh3 41. Kg2 Re3 42. Nbd5 Rd3 43. Nb4 Re3 44. Ncd5 Rb3 45. Re2 e3 46. Kf3 Kg6 47.
Nc6 Rd3 48. Ne5+ Kf5 49. Nxd3 Ke6 50. Nxe3 1-0

[Event "*** Titled Tuesday Blitz"]
[Site "Chess.com"]
[Date "2020.04.28"]
[Round "5"]
[White "Artem_Koval"]
[Black "Leonid_Starozhilov"]
[Result "0-1"]
[WhiteElo "2436"]
[BlackElo "2608"]
[TimeControl "180+1"]
[EndTime "10:55:42 PDT"]
[Termination "Leonid_Starozhilov won on time"]

1. e4 d6 2. d4 Nf6 3. Nc3 Nbd7 4. f4 e5 5. Nf3 exd4 6. Nxd4 g6 7. Bd3 Bg7 8. Nf3 O-O 9. O-O Nc5 10. Qe2 Re8 11.
Bd2 Nfxe4 12. Nxe4 Nxe4 13. Rae1 Bf5 14. Qd1 Nxd2 15. Qxd2 Rxe1 16. Rxe1 Bxd3 17. Qxd3 c6 18. c3 Qb6+ 19. Kh1 Qxb2 20. Qxd6 Bxc3 21. Rd1 Qxa2 22. f5 Bg7 23. Ng5 Rf8 24. f6 Bh6 25. h3 Qa5 26. Nf3 Qf5 27. Qe7 a5 28. Ra1 Qe6 29. Qxb7 Qxf6 30.
Rxa5 Bf4 0-1

[Event "*** Titled Tuesday Blitz"]
[Site "Chess.com"]
[Date "2020.04.28"]
[Round "5"]
[White "LuisFSiles"]
[Black "I_Hit_18K_on_BS"]
[Result "1-0"]
[WhiteElo "2300"]
[BlackElo "2082"]
[TimeControl "180+1"]
[EndTime "10:55:42 PDT"]
[Termination "LuisFSiles won by resignation"]

1. e4 c5 2. Nf3 d6 3. d4 cxd4 4. Qxd4 Nc6 5. Bb5 Bd7 6. Bxc6 Bxc6 7. Nc3 Nf6 8. Bg5 Qa5 9. Bxf6 gxf6 10. O-O-O Bh6+ 11.
Kb1 Rg8 12. Nh4 Bf4 13. Nd5 Be5 14. Qd2 Bxd5 15. Qxa5 Bxe4 16. f4 Rc8 17. Qa4+ Bc6 18. Qb4 a5 19. Qd2 Be4 20. fxe5 Rxc2 21. Qxc2 Bxc2+ 22. Kxc2 fxe5 23. g3 Rg4 24. Rd3 b5 25. Re1 Rc4+ 26.
Rc3 Rb4 27. Rc8+ Kd7 28. Rh8 Rc4+ 29. Kb1 e4 30. Rxh7 Ke6 31. Ng2 f5 32. h4 Rd4 33.
h5 d5 34. h6 Kf6 35. Rh8 e6 36. Rh1 Kg6 37. h7 Rd2 38. Rg8+ Kf6 39. h8=Q+ Ke7 40. Rh7+ Kd6 41. Rd8+ Kc5 42. Qc3+ Kb6 43. Qc7+ Ka6 1-0

[Event "*** Titled Tuesday Blitz"]
[Site "Chess.com"]
[Date "2020.04.28"]
[Round "5"]
[White "SoltaniciR"]
[Black "Hikaru"]
[Result "0-1"]
[WhiteElo "2587"]
[BlackElo "3232"]
[TimeControl "180+1"]
[EndTime "10:55:43 PDT"]
[Termination "Hikaru won by resignation"]

1. e4 e6 2. d4 b6 3. Nf3 Bb7 4. Bd3 d5 5. exd5 Qxd5 6. O-O Nf6 7. Qe2 Be7 8. Nc3 Qh5 9. Ne4 O-O 10. c3 Nbd7 11. a4 Bd6 12. Ng3 Bxf3 13. Nxh5 Bxe2 14. Nxf6+ Nxf6 15. Bxe2 h6 16. a5 c5 17. Bf3 Rab8 18.
axb6 axb6 19. Rd1 cxd4 20. Rxd4 Bc5 21. Rd1 e5 22. b4 Be7 23. Be3 Rfc8 24. Ra3 Rc7 25.
Kf1 b5 26. Be2 Ne4 27. Rd3 Rbc8 28. Bg4 Rb8 29. Bf3 Nd6 30. Bc5 Nc4 31. Ra7 Rxa7 32. Bxa7 Rc8 33. Rd7 Kf8 34. Bb7 Re8 35. Bc6 Rc8 36.
Bb7 Rd8 37. Bc6 Rxd7 38. Bxd7 Na3 39. Ke2 Bd6 40. Kd3 Ke7 41. Bc6 f5 42. f3 Kd8 43.
Bb6+ Kc8 44. Bd5 Kd7 45. g4 e4+ 46. fxe4 fxg4 47. Bd4 Bxh2 48. Bxg7 h5 49. e5 Nc4 50. e6+ Kd6 51. Bf8+ Kxd5 52. e7 Nd6 0-1

[Event "*** Titled Tuesday Blitz"]
[Site "Chess.com"]
[Date "2020.04.28"]
[Round "5"]
[White "Rodalquilar"]
[Black "AryanTari"]
[Result "0-1"]
[WhiteElo "2612"]
[BlackElo "2900"]
[TimeControl "180+1"]
[EndTime "10:55:44 PDT"]
[Termination "AryanTari won on time"]

1. d4 Nf6 2. c4 e6 3. Nc3 Bb4 4. Qc2 b6 5. e4 c5 6. d5 Qe7 7. Ne2 exd5 8. exd5 d6 9. Bd2 O-O 10. f3 Nbd7 11. O-O-O Ne5 12. Ng3 a6 13. f4 Neg4 14. Bd3 b5 15. Rde1 Qb7 16. Nf5 Qd7 17.
Ne7+ Kh8 18. Bf5 Qb7 19. Nxc8 Raxc8 20. h3 Nh6 21. Bxc8 Rxc8 22. g4 Nhg8 23. g5 Nd7 24. Qf5 Nb6 25. cxb5 axb5 26. Nxb5 Bxd2+ 27. Kxd2 Nc4+ 28. Ke2 Qxb5 29. Kf3 Ra8 30. Qxf7 Qxb2 31. Re8 Ra3+ 32.
Kg4 Qg2+ 33. Kh4 Qg3+ 34. Kh5 g6+ 35. Qxg6 hxg6+ 36. Kxg6 Qxf4 37. Rhe1 Ra7 0-1

[Event "*** Titled Tuesday Blitz"]
[Site "Chess.com"]
[Date "2020.04.28"]
[Round "5"]
[White "Infernal_XaM"]
[Black "ulises2013"]
[Result "1-0"]
[WhiteElo "2916"]
[BlackElo "2618"]
[TimeControl "180+1"]
[EndTime "10:55:45 PDT"]
[Termination "Infernal_XaM won by resignation"]

1. d4 g6 2. e4 Bg7 3. Nc3 c5 4. dxc5 Bxc3+ 5. bxc3 Qa5 6. Rb1 Qxc5 7. Qd4 Qxd4 8.
cxd4 b6 9. Bd3 Bb7 10. a4 Nf6 11. f3 d5 12. e5 Nfd7 13. a5 Nc6 14. axb6 axb6 15. Ne2 O-O 16. h4 Ra4 17. c3 Ba6 18. Bxa6 Rxa6 19. h5 Na5 20. hxg6 hxg6 21. e6 Nf6 22.
exf7+ Kxf7 23. Nf4 Nc4 24. Nd3 Rfa8 25. Ne5+ Nxe5 26.
dxe5 Ra1 27. Rxa1 Rxa1 28. Kf2 Nd7 29. Rh7+ Ke6 30. Bg5 Nxe5 31. Rxe7+ Kd6 32. Rg7 Ke6 33. Be3 Rb1 34. Bd4 b5 35. f4 Nd3+ 36. Ke3 Ne1 37.
Rxg6+ Kf7 38. f5 b4 39. g4 Nc2+ 40. Kf4 Nxd4 41. cxd4 Rf1+ 42. Kg5 b3 43. Rb6 Rf3 44. Rb7+ Ke8 45. Kf6 Rf4 46. g5 1-0

[Event "*** Titled Tuesday Blitz"]
[Site "Chess.com"]
[Date "2020.04.28"]
[Round "5"]
[White "abhidabhi"]
[Black "Tashik"]
[Result "1-0"]
[WhiteElo "2758"]
[BlackElo "2542"]
[TimeControl "180+1"]
[EndTime "10:55:45 PDT"]
[Termination "abhidabhi won by resignation"]

1. Nf3 d5 2. g3 Nf6 3. Bg2 Nbd7 4. O-O e5 5. d3 Bd6 6. Nbd2 O-O 7. e4 c6 8. a4 a5 9. Nh4 Re8 10. Kh1 Nc5 11.
b3 Bg4 12. f3 Be6 13. Bb2 Qc7 14. Qe2 Rad8 15. Rae1 Bc8 16. Qd1 b5 17. axb5 cxb5 18.
exd5 Nxd5 19. f4 Nb4 20. fxe5 Bxe5 21. Rxe5 Rxe5 22. d4 Red5 23. Bxd5 Nxd5 24. Qf3 Bb7 25. Kg1 Nb4 26. Qe2 Ne6 27. c3 Nd5 28. c4 bxc4 29. bxc4 Nb4 30. d5 Qb6+ 31. Rf2 Nc5 32. Nf5 Nbd3 33. Bd4 Nxf2 34. Qxf2 Qg6 35. Ne7+ Kh8 36.
Nxg6+ hxg6 37. Bxc5 1-0

[Event "*** Titled Tuesday Blitz"]
[Site "Chess.com"]
[Date "2020.04.28"]
[Round "5"]
[White "CraiggoryC"]
[Black "Kosche007"]
[Result "0-1"]
[WhiteElo "2070"]
[BlackElo "2308"]
[TimeControl "180+1"]
[EndTime "10:55:45 PDT"]
[Termination "Kosche007 won on time"]

1. e4 c6 2. Nf3 d5 3. e5 c5 4. d4 Bg4 5. dxc5 Nc6 6. Bb5 e6 7. c3 Bxc5 8. Bxc6+ bxc6 9. Qa4 Bxf3 10. Qxc6+ Kf8 11. Qxc5+ Ne7 12. gxf3 Rc8 13. Qa3 h6 14. Be3 Kg8 15. Rg1 Nf5 16. Nd2 Qh4 17. O-O-O d4 18. Rg4 dxe3 19. Rxh4 exd2+ 20. Rxd2 Nxh4 21. Rd7 Nf5 22. Qxa7 Kh7 23. a3 Ra8 24. Qc5 Rhc8 25. Rc7 Rf8 26.
f4 Kg8 27. Kb1 Rad8 28. Ka2 g6 29. a4 Rd2 30. Rc8 Rxc8 31. Qxc8+ Kg7 32. Qc5 Rd5 33.
Qb6 Rd2 34. a5 Ne7 35. a6 Nd5 36. Qb3 Nxf4 37. a7 Rd8 38. Qb7 Nd3 0-1

[Event "*** Titled Tuesday Blitz"]
[Site "Chess.com"]
[Date "2020.04.28"]
[Round "5"]
[White "Beca95"]
[Black "MaxVavulin"]
[Result "1-0"]
[WhiteElo "2868"]
[BlackElo "2602"]
[TimeControl "180+1"]
[EndTime "10:55:46 PDT"]
[Termination "Beca95 won on time"]

1. d4 Nf6 2. Nf3 e6 3. Bg5 h6 4.
Bh4 c5 5. e3 b6 6. Nbd2 Bb7 7. Bd3 Be7 8. c3 O-O 9. Qe2 Nc6 10. a3 Qc7 11. Bxf6 Bxf6 12. h4 d5 13. g4 cxd4 14. cxd4 e5 15. g5 Be7 16. gxh6 e4 17.
Rg1 g6 18. h5 exd3 19. Qxd3 Kh8 20. hxg6 fxg6 21. Rxg6 Bf6 22. Ng5 Rg8 23. Ndf3 Raf8 24.
Qf5 Bxg5 25. Rxg8+ Rxg8 26. Nxg5 Rxg5 27. Qxg5 Qf7 28.
Rc1 Kh7 29. Qg3 Qe7 30. b4 a6 31. Kf1 Qf7 32. a4 b5 33. axb5 axb5 34. Qd6 1-0

[Event "*** Titled Tuesday Blitz"]
[Site "Chess.com"]
[Date "2020.04.28"]
[Round "5"]
[White "Titus369"]
[Black "DDTerziev04"]
[Result "0-1"]
[WhiteElo "2497"]
[BlackElo "2336"]
[TimeControl "180+1"]
[EndTime "10:55:46 PDT"]
[Termination "DDTerziev04 won by checkmate"]

1. e4 e6 2. d4 d5 3. Nd2 c5 4.
Ngf3 Nc6 5. exd5 exd5 6. Bb5 cxd4 7. O-O Bd6 8. Nb3 Ne7 9. Nbxd4 Bg4 10. h3 Bh5 11.
Re1 O-O 12. Bg5 Nxd4 13. Qxd4 f6 14. Bf4 Bxf3 15. gxf3 Bxf4 16. Qxf4 Ng6 17. Qf5 Ne5 18. Kg2 a6 19. Ba4 Kh8 20. Rad1 Qa5 21. Bb3 Rad8 22.
c3 Ng6 23. Kh1 Qb6 24. Rd2 Rfe8 25. Rg1 d4 26. cxd4 Rxd4 27. Rxd4 Qxd4 28. Rxg6 hxg6 29.
Qxg6 Re1+ 30. Kg2 Qh4 31. f4 Qxf4 32. Qh5+ Qh6 33. Qf7 Qg5+ 34. Kf3 Qf5+ 35. Kg2 Qe4+ 36. f3 Qe2+ 37. Kg3 Rg1+ 38. Kf4 Qe5# 0-1

[Event "*** Titled Tuesday Blitz"]
[Site "Chess.com"]
[Date "2020.04.28"]
[Round "5"]
[White "adiosabu"]
[Black "GasconJR"]
[Result "0-1"]
[WhiteElo "2410"]
[BlackElo "2589"]
[TimeControl "180+1"]
[EndTime "10:55:47 PDT"]
[Termination "GasconJR won on time"]

1. e4 e5 2. Nf3 Nc6 3. Bb5 Nf6 4. Qe2 Bc5 5. c3 O-O 6. O-O Re8 7. d3 h6 8. a4 d5 9. b4 Bf8 10. a5 Bd7 11. Nbd2 Nd4 12. Nxd4 exd4 13. Bxd7 Qxd7 14. cxd4 Bxb4 15. e5 Bc3 16. Rb1 Bxa5 17. Nb3 Bb6 18. f4 a5 19. Qf3 a4 20. Nc5 Bxc5 21. dxc5 Nh7 22. d4 Qf5 23. Rxb7 c6 24. Rb6 Nf8 25. Rxc6 Ne6 26. Qe3 Reb8 27. Rb6 g6 28. Ba3 Qc2 29. g3 Ng7 30. Rf2 Qc4 31. Qd2 Nf5 32. Rxb8+ Rxb8 0-1

[Event "*** Titled Tuesday Blitz"]
[Site "Chess.com"]
[Date "2020.04.28"]
[Round "5"]
[White "reniite"]
[Black "IsaacWiebe"]
[Result "0-1"]
[WhiteElo "1939"]
[BlackElo "2180"]
[TimeControl "180+1"]
[EndTime "10:55:48 PDT"]
[Termination "IsaacWiebe won by resignation"]

1. e4 e6 2. d4 d5 3. Nc3 Bb4 4. e5 c5 5. a3 Bxc3+ 6. bxc3 Ne7 7. h4 Nbc6 8. h5 h6 9. Qg4 Nf5 10. Bd3 Nce7 11. Nf3 c4 12. Be2 Qa5 13. Bd2 Qa4 14.
O-O Qxc2 15. Rab1 Qa4 16. Nh4 b6 17. Nxf5 Nxf5 18. Qf4 O-O 19. g4 Ne7 20. g5 hxg5 21. Qxg5 Nf5 22. Kh2 Qxa3 23. Rg1 Qe7 24. Qxe7 Nxe7 25.
Bh6 Nf5 26. Bxg7 Nxg7 27. h6 Kh7 28. Rxg7+ Kxh6 29. Rbg1 Bd7 30. Bd1 a5 31. Bc2 Rh8 32. Rxf7 Raf8 33. Rxd7 Rxf2+ 34. Rg2 Rxg2+ 35. Kxg2 Rg8+ 36. Kf2 Rf8+ 37. Ke2 Rf4 38. Rb7 Rh4 39. Rxb6 Rh2+ 40. Kd1 Kg5 41. Rxe6 Kf4 42. Rf6+ Ke3 43. Kc1 a4 44.
Kb2 a3+ 45. Kxa3 Rxc2 46. e6 Rxc3+ 47. Kb4 Rb3+ 48. Kc5 Rb7 49. Rf7 c3 50. Re7 c2 51.
Kxd5 Rxe7 52. Kd6 Rxe6+ 53. Kxe6 c1=Q 54. d5 Qc8+ 55. Ke7 Qc7+ 56. Ke6 Qd8 57. d6 Kd4 58. d7 Kc5 0-1

[Event "*** Titled Tuesday Blitz"]
[Site "Chess.com"]
[Date "2020.04.28"]
[Round "5"]
[White "lupta_robin"]
[Black "ChrisTool2"]
[Result "1-0"]
[WhiteElo "2548"]
[BlackElo "2380"]
[TimeControl "180+1"]
[EndTime "10:55:49 PDT"]
[Termination "lupta_robin won on time"]

1. b3 Nf6 2. Bb2 d5 3. Nf3 Bf5 4. e3 e6 5. Be2 Bd6 6. O-O O-O 7.
c4 c6 8. Nc3 Nbd7 9. d4 h6 10.
h3 Re8 11. a3 Qc7 12. Rc1 dxc4 13. Bxc4 Rad8 14. Qe2 e5 15. d5 e4 16. Nd4 Bg6 17. dxc6 bxc6 18. Ncb5 cxb5 19. Bxf7+ Bxf7 20. Rxc7 Bxc7 21. Nxb5 Be5 22. Nxa7 Bxb2 23. Qxb2 Ne5 24. Nb5 Nd3 25. Qb1 Rb8 26. Nd4 Nd5 27. Qa1 Rb7 28. Nf5 Nf6 29. Nd6 Reb8 30. Nxb7 Rxb7 31. b4 Bc4 32. Qd4 Bb5 33. Ra1 Rd7 34. Qb6 Bc4 35. a4 Nd5 36. Qb8+ Kh7 37. b5 Rf7 38. Qg3 Nc3 39. Kh2 Rxf2 40. b6 Ne2 41. Qg4 1-0

[Event "*** Titled Tuesday Blitz"]
[Site "Chess.com"]
[Date "2020.04.28"]
[Round "5"]
[White "Sadykov_Ramil"]
[Black "Gvetadze"]
[Result "0-1"]
[WhiteElo "2515"]
[BlackElo "2378"]
[TimeControl "180+1"]
[EndTime "10:55:49 PDT"]
[Termination "Gvetadze won on time"]

1. e4 c5 2. Nf3 g6 3. d4 cxd4 4. Qxd4 Nf6 5. e5 Nc6 6. Qf4 Nd5 7. Qe4 Nc7 8. Nc3 Bg7 9. Bf4 Ne6 10. Be3 O-O 11.
O-O-O f5 12. exf6 exf6 13. Bc4 Qa5 14. Qd5 f5 15. Qxa5 Nxa5 16. Bd5 Kh8 17. Nb5 Nc6 18. Nd6 a5 19. a4 Nb4 20. c3 Nxd5 21. Rxd5 f4 22.
Bd4 Nxd4 23. Nxd4 b6 24. Nxc8 Rfxc8 25. Nb5 Rc4 26. b3 Rc6 27. c4 f3 28. gxf3 Rf8 29. Re1 h5 30. Rxd7 Rxf3 31. Re8+ Rf8 32. Rxf8+ Bxf8 33. Kd2 Bc5 34. f3 Rf6 35. Ke2 Re6+ 36. Kd2 Re3 37. Rd3 Re7 38. h3 Bb4+ 39. Kc2 Re2+ 40.
Kc1 Rh2 41. f4 Rf2 42. Rd4 Bc5 43. Re4 Rf3 0-1

[Event "*** Titled Tuesday Blitz"]
[Site "Chess.com"]
[Date "2020.04.28"]
[Round "5"]
[White "AlexTriapishko"]
[Black "rpragchess"]
[Result "0-1"]
[WhiteElo "2747"]
[BlackElo "2827"]
[TimeControl "180+1"]
[EndTime "10:55:50 PDT"]
[Termination "rpragchess won on time"]

1. Nf3 Nf6 2. g3 b5 3. Bg2 Bb7 4. O-O e6 5. b3 Be7 6. c4 bxc4 7.
bxc4 O-O 8. Nc3 c5 9. Rb1 Bc6 10. d3 d6 11. Bd2 Nbd7 12. Qc2 Rb8 13. Nh4 Bxg2 14. Nxg2 d5 15. cxd5 exd5 16. Nf4 Nb6 17. a4 Qd7 18. a5 Na8 19. e4 Nc7 20. exd5 Ncxd5 21. Ncxd5 Nxd5 22. Nxd5 Qxd5 23. Bf4 Rbd8 24. Rfe1 Bf6 25. Rbc1 Rc8 26. Qc4 Qd7 27. Re4 h5 28. Rce1 h4 29. Be5 Bxe5 30. Rxe5 h3 31. Qe4 Rfd8 32.
Rh5 g6 33. Rh4 Re8 0-1

[Event "*** Titled Tuesday Blitz"]
[Site "Chess.com"]
[Date "2020.04.28"]
[Round "5"]
[White "davigator"]
[Black "troisi"]
[Result "1-0"]
[WhiteElo "2391"]
[BlackElo "2147"]
[TimeControl "180+1"]
[EndTime "10:55:50 PDT"]
[Termination "davigator won by resignation"]

1. e4 e5 2. Nf3 Nc6 3. Bb5 a6 4. Ba4 Nf6 5. O-O b5 6. Bb3 Bc5 7. c3 d6 8. d4 Bb6 9. a4 Bb7 10.
Re1 h6 11. Na3 O-O 12. axb5 axb5 13. d5 Ne7 14. Be3 c6 15. c4 b4 16. Nc2 Bxe3 17.
Nxe3 c5 18. Ba4 Qc7 19. Bc2 Ng6 20. Nf5 Rfb8 21. g3 Bc8 22. N5h4 Bg4 23. Qd3 Qd7 24. Nxg6 fxg6 25. Nd2 g5 26. f3 Bh5 27. Kg2 Bg6 28. Qb3 Kh7 29. Ra4 h5 30. Rea1 Qb7 31. Ra5 Rxa5 32. Rxa5 Ra8 33. Qa4 Rxa5 34. Qxa5 Be8 35.
Qd8 Qd7 36. Qb8 h4 37. Nf1 h3+ 38. Kf2 Bh5 39. Ne3 Bg6 40. g4 Qe7 41. Ba4 Be8 42. Bxe8 Nxe8 43. Nf5 Qd7 44. Kg3 g6 45. Ne3 Nf6 46.
Kxh3 Nh5 47. Ng2 Nf4+ 48. Nxf4 gxf4 49. Qf8 Qc7 50. Kh4 b3 51. Kg5 Qb7 52. Qh6+ Kg8 53. Qxg6+ Kh8 54. Kh6 Qf7 55. h4 Qxg6+ 56. Kxg6 Kg8 57.
Kf6 Kh8 58. Ke6 Kg8 59. Kxd6 Kf7 60. Kxe5 Kg6 61. Kxf4 1-0

[Event "*** Titled Tuesday Blitz"]
[Site "Chess.com"]
[Date "2020.04.28"]
[Round "5"]
[White "PlayChessSimple"]
[Black "jaskol95"]
[Result "1-0"]
[WhiteElo "2487"]
[BlackElo "2263"]
[TimeControl "180+1"]
[EndTime "10:55:50 PDT"]
[Termination "PlayChessSimple won by checkmate"]

1. e4 e6 2. d4 d5 3. e5 c5 4. c3 Nc6 5. Nf3 Bd7 6. Be2 cxd4 7. cxd4 Qb6 8. Nc3 Nge7 9. O-O Nf5 10. Na4 Qc7 11. a3 Be7 12. b4 a6 13. Nc5 f6 14.
Nxd7 Qxd7 15. Bd3 Nfxd4 16. Nxd4 Nxd4 17. Bb2 fxe5 18. Qh5+ Kf8 19. f4 e4 20. Bxd4 exd3 21. f5 e5 22. Bxe5 Bf6 23. Bxf6 gxf6 24. Rad1 Qf7 25.
Qh6+ Qg7 26. Qf4 Re8 27. Rxd3 Re5 28. Rxd5 Qe7 29. Qh6+ Kf7 30. Qh5+ Kf8 31. Rxe5 Qxe5 32. Rd1 Ke7 33. Qf3 Rc8 34. h3 Rc7 35. Qh5 Qe3+ 36. Kh1 Kf8 37. Qg4 Kf7 38. Qh4 h6 39. Qh5+ Kf8 40. Qg6 Qg5 41. Rd8+ Ke7 42. Qe8# 1-0

[Event "*** Titled Tuesday Blitz"]
[Site "Chess.com"]
[Date "2020.04.28"]
[Round "5"]
[White "harvsp123"]
[Black "Murad_Ibrahimli"]
[Result "0-1"]
[WhiteElo "2524"]
[BlackElo "2754"]
[TimeControl "180+1"]
[EndTime "10:55:51 PDT"]
[Termination "Murad_Ibrahimli won by resignation"]

1. e4 c5 2. Nf3 d6 3. d4 cxd4 4. Nxd4 Nf6 5. Nc3 a6 6. h3 g6 7. Be3 Bg7 8. Qd2 Nc6 9. g4 Bd7 10. Bg2 Rc8 11. f4 O-O 12. O-O-O Na5 13. b3 Qc7 14.
Kb2 b5 15. g5 b4 16. Nce2 Nh5 17. Bf3 e5 18. fxe5 dxe5 19. Nf5 Bxf5 20. exf5 e4+ 21. f6 exf3 22. Nd4 Nxf6 23. gxf6 Bxf6 24. Kb1 Rfd8 25. Qxb4 Bxd4 26. Rxd4 Qxc2+ 27. Ka1 Nc6 28. Rxd8+ Rxd8 29. Qc5 Qe4 30. Rc1 Ne5 31. Qe7 Ra8 32. Bd2 f2 33.
Bc3 Qe3 34. Kb2 Nd3+ 35. Ka3 Qxe7+ 36. b4 Nxc1 0-1

[Event "*** Titled Tuesday Blitz"]
[Site "Chess.com"]
[Date "2020.04.28"]
[Round "5"]
[White "lucliasco"]
[Black "SaqoChess_Twitch"]
[Result "1-0"]
[WhiteElo "2643"]
[BlackElo "2473"]
[TimeControl "180+1"]
[EndTime "10:55:51 PDT"]
[Termination "lucliasco won by resignation"]

1. d4 d5 2. Nf3 Nf6 3. e3 e6 4.
Bd3 Be7 5. O-O b6 6. b3 Bb7 7.
Bb2 Ne4 8. c4 O-O 9. Nc3 Nd7 10.
Qc2 f5 11. Ne2 Ndf6 12. Ne5 c5 13. f3 Nd6 14. Nf4 Qc8 15. Rac1 dxc4 16. bxc4 cxd4 17.
exd4 g5 18. Nh3 Nd7 19. Nxd7 Qxd7 20. Qe2 Bf6 21. Rfe1 Nf7 22. Rcd1 Bxd4+ 23. Bxd4 Qxd4+ 24. Nf2 Qf6 25. Qxe6 Qxe6 26. Rxe6 f4 27. Ng4 Kg7 28. Re7 Bc8 29. Be4 Rb8 30. Bd5 Bxg4 31. fxg4 Kf6 32.
Rde1 a5 33. R1e6+ Kg7 34. Rc6 Rbe8 35. Rcc7 Rxe7 36. Rxe7 h5 37. gxh5 Kf6 38. Re6+ Kf5 39. Rxb6 Ne5 40. h6 Rh8 41. h3 g4 42. hxg4+ Kg5 43.
Rb5 Kxg4 44. Be6+ Kg5 45. Rxe5+ Kf6 46. Re2 Rxh6 47. Bg4 Kg5 48. Bf3 Rb6 49. c5 Rb4 50. c6 Rc4 51. Kf2 a4 52. Rd2 a3 53. Ke2 Rb4 54. Kd3 Rb2 55. Rc2 Kf6 56. c7 1-0

[Event "*** Titled Tuesday Blitz"]
[Site "Chess.com"]
[Date "2020.04.28"]
[Round "5"]
[White "TregubovP"]
[Black "BikingBrian"]
[Result "1/2-1/2"]
[WhiteElo "2509"]
[BlackElo "2340"]
[TimeControl "180+1"]
[EndTime "10:55:51 PDT"]
[Termination "Game drawn - insufficient material"]

1. e4 c5 2. Nf3 g6 3. c3 Bg7 4. d4 cxd4 5. cxd4 d5 6. e5 Bg4 7. Bb5+ Nd7 8. Nbd2 e6 9. O-O a6 10. Bxd7+ Qxd7 11. h3 Bxf3 12. Nxf3 Ne7 13. Bg5 O-O 14. Rc1 Rac8 15. Qb3 Nc6 16. Qb6 Qc7 17. Qxc7 Rxc7 18. Rc2 Rcc8 19. Rfc1 Na7 20. Be7 Rxc2 21. Rxc2 Rc8 22. Rxc8+ Nxc8 23. Bc5 Bf8 24. Kf1 b6 25. Bxf8 Kxf8 26. Ke2 Ne7 27. g4 h6 28. Kd3 Nc6 29.
a3 Ke7 30. b4 f5 31. exf6+ Kxf6 32. h4 e5 33. Ke3 e4 34. Ng1 h5 35. gxh5 gxh5 36.
Ne2 Kf5 37. f3 exf3 38. Kxf3 b5 39. Ng3+ Kg6 40. Ke3 a5 41. bxa5 Nxa5 42. Kf4 Nc4 43. Nf5 Nxa3 44. Ne7+ Kf7 45. Nxd5 Nc2 46. Ke4 b4 47. Kd3 b3 48. Kc3 Ke6 49. Nf4+ Kf5 50. Nxh5 Nxd4 51. Ng3+ Kg4 52. Ne4 Kxh4 53. Kxd4 b2 54.
Nd2 b1=Q 55. Nxb1 1/2-1/2

[Event "*** Titled Tuesday Blitz"]
[Site "Chess.com"]
[Date "2020.04.28"]
[Round "5"]
[White "AnkitGajwa"]
[Black "madalin18"]
[Result "0-1"]
[WhiteElo "2451"]
[BlackElo "2125"]
[TimeControl "180+1"]
[EndTime "10:55:51 PDT"]
[Termination "madalin18 won by resignation"]

1. e4 c5 2. Nf3 d6 3. d4 cxd4 4. Nxd4 Nf6 5. Nc3 a6 6. Bg5 e6 7. f4 Be7 8. Qf3 Nbd7 9. O-O-O Qc7 10. Bd3 h6 11. Bh4 g5 12. fxg5 Ne5 13. Qe2 Nfg4 14. Nf3 hxg5 15. Bg3 Bd7 16. h3 Nxf3 17. Qxf3 Ne5 18.
Bxe5 dxe5 19. Rdf1 Rh7 20. Nd1 O-O-O 21. Ne3 Ba4 22. Ng4 Qc5 23. Kb1 Kb8 24. Qe3 Qa5 25.
Nf6 Rg7 26. Nh5 Rh7 27. Nf6 Rg7 28. g3 Bc5 29. Qe2 Bd4 30. c3 Bxc3 31. bxc3 Qxc3 32.
Rf3 Rd4 33. Bc4 Qxc4 34. Qxc4 Rxc4 35. Nd7+ Bxd7 36. Rd1 Bc6 37. Rd8+ Kc7 38. Rg8 Rxg8 39. Rxf7+ Kb6 0-1

[Event "*** Titled Tuesday Blitz"]
[Site "Chess.com"]
[Date "2020.04.28"]
[Round "5"]
[White "Bagirova"]
[Black "Suleyman_Chess06"]
[Result "0-1"]
[WhiteElo "2211"]
[BlackElo "2372"]
[TimeControl "180+1"]
[EndTime "10:55:51 PDT"]
[Termination "Suleyman_Chess06 won on time"]

1. e4 e6 2. d4 d5 3. Nd2 dxe4 4. Nxe4 Bd7 5. Nf3 Bc6 6. Bd3 Nd7 7. O-O Ngf6 8. Ng3 Bd6 9. c4 b6 10. a3 O-O 11. b4 Bb7 12. c5 Be7 13. Qc2 Bxf3 14. gxf3 a5 15. c6 Nb8 16. b5 Qxd4 17. Bb2 Qd5 18.
Bxf6 Bxf6 19. Bxh7+ Kh8 20. Be4 Qxb5 21. Rab1 Qg5 22.
Kh1 Na6 23. Rg1 Qh4 24. Rg2 Nc5 25. Rbg1 Be5 26. Bf5 exf5 27. Qxf5 Rae8 28. Nf1 g6 29. Qc2 f5 30. Rxg6 Re6 31. Rxe6 Nxe6 32. Qe2 Qf4 33. Rg3 Rf7 34. Rh3+ Rh7 35. Rxh7+ Kxh7 36. Ng3 Nd4 37. Qc4 Qxf3+ 38. Kg1 Kg7 0-1